[Event "Early-Titled-Tuesday-Blitz-May-14-2024"]
[Site "Chess.com"]
[Date "2024.05.14"]
[Round "5"]
[White "Dacean99"]
[Black "grozdanovic_a"]
[Result "1-0"]
[WhiteElo "2601"]
[BlackElo "2323"]
[TimeControl "180+1"]
[EndTime "8:57:40 PDT"]
[Termination "Dacean99 won by checkmate"]

1. e4 c5 2. c3 e5 3. d4 cxd4 4. cxd4 Bb4+ 5. Bd2 Bxd2+ 6. Qxd2 d6 7. Nf3 exd4 8.
Qxd4 Nf6 9. Nc3 O-O 10. Rd1 Re8 11. Bb5 Bd7 12. Bxd7 Qxd7 13. O-O Nc6 14. Qa4 Re7 15. Rfe1 Rae8 16. Rd2 h6 17. h3 a6 18. Qd1 Nxe4 19.
Nxe4 Rxe4 20. Rxe4 Rxe4 21. Rxd6 Qe7 22. Rd7 Qb4 23.
Qd3 Re8 24. Qf5 Rf8 25. b3 Ne7 26. Qe5 Ng6 27. Qd5 Qa3 28. Qd2 b5 29. Nd4 Rc8 30. Nf5 Qc1+ 31. Kh2 Qxd2 32. Rxd2 Rc5 33. Rd8+ Kh7 34. Nd6 Rc2 35. Kg3 Rxa2 36. Nxf7 Ne7 37.
f3 Ra3 38. h4 Kg6 39. Ne5+ Kf6 40. Nd7+ Ke6 41. Nc5+ Kf7 42. Kh3 a5 43. Rb8 b4 44.
Rb7 Kf6 45. Rb5 Ng6 46. Ne4+ Kf7 47. Nd6+ Kg8 48. Rb8+ Kh7 49. h5 Nf4+ 50. Kg4 g5 51. Rb7+ Kg8 52. Kf5 Rxb3 53. Kf6 Nxh5+ 54. Kg6 Nf4+ 55. Kxh6 Nxg2 56. Rb8# 1-0

[Event "Early-Titled-Tuesday-Blitz-May-14-2024"]
[Site "Chess.com"]
[Date "2024.05.14"]
[Round "5"]
[White "rpragchess"]
[Black "lilleper1"]
[Result "1-0"]
[WhiteElo "3102"]
[BlackElo "2914"]
[TimeControl "180+1"]
[EndTime "8:57:42 PDT"]
[Termination "rpragchess won on time"]

1. Nf3 Nf6 2. g3 d5 3. Bg2 e6 4.
O-O Be7 5. d3 O-O 6. Nbd2 Nc6 7.
c3 e5 8. Qc2 h6 9. b4 a6 10. Rb1 Be6 11. a4 b5 12. Bb2 Qd7 13.
Rfe1 e4 14. dxe4 dxe4 15. Nxe4 Nxe4 16. Qxe4 Bf5 17. Qf4 Bxb1 18. Rxb1 Bd6 19. Qd2 bxa4 20. c4 Qf5 21. Ra1 Bxb4 22. Nh4 Qc5 23. Qf4 f6 24. Bd5+ Rf7 25. Rxa4 Rd8 26. Qe4 Ne7 27. Bxf7+ Kxf7 28. Rxa6 Rd1+ 29. Kg2 Rd2 30. Bc1 Rd1 31. Be3 Qh5 32. Qe6+ 1-0

[Event "Early-Titled-Tuesday-Blitz-May-14-2024"]
[Site "Chess.com"]
[Date "2024.05.14"]
[Round "5"]
[White "GMG"]
[Black "Nouali_Mohamed"]
[Result "1-0"]
[WhiteElo "2780"]
[BlackElo "2566"]
[TimeControl "180+1"]
[EndTime "8:57:43 PDT"]
[Termination "GMG won on time"]

1. Nf3 Nf6 2. c4 g6 3. g3 Bg7 4. Bg2 O-O 5. d4 d6 6. O-O Nc6 7. Nc3 e5 8. d5 Na5 9. Nd2 c5 10. a3 b6 11. b4 Nb7 12. Rb1 h5 13. h3 h4 14. g4 Nh7 15. e3 f5 16. gxf5 gxf5 17.
e4 Ng5 18. Kh2 cxb4 19. axb4 a5 20. Qh5 Bd7 21. Rg1 Be8 22. Qxh4 axb4 23. Rxb4 Ra1 24. Rb1 Rxb1 25. Ncxb1 fxe4 26. Qg3 e3 27. fxe3 e4 28. Kh1 Be5 29. Qh4 Rf7 30. Nxe4 Rg7 31. Nbd2 Nc5 32. Nxc5 bxc5 33. Nf3 Nxf3 34. Qxd8 Kf7 35. Bxf3 Rxg1+ 36. Kxg1 1-0

[Event "Early-Titled-Tuesday-Blitz-May-14-2024"]
[Site "Chess.com"]
[Date "2024.05.14"]
[Round "5"]
[White "Gangster-accountant01"]
[Black "MiguelBestard1981"]
[Result "1-0"]
[WhiteElo "2556"]
[BlackElo "2321"]
[TimeControl "180+1"]
[EndTime "8:57:43 PDT"]
[Termination "Gangster-accountant01 won by resignation"]

1. c4 c6 2. Nc3 d5 3. cxd5 cxd5 4.
d4 Nf6 5. g3 Bf5 6. Bg2 e6 7.
Nf3 h6 8. O-O Nc6 9. Ne5 Nxe5 10. dxe5 Nd7 11. f4 Be7 12. e4 dxe4 13. Nxe4 O-O 14.
Nd6 Qb6+ 15. Kh1 Bxd6 16. Qxd6 Qxd6 17. exd6 Rab8 18. Be3 b6 19. Rac1 Rfc8 20. Bc6 Nc5 21. Bg2 Be4 22. Bxc5 Bxg2+ 23. Kxg2 bxc5 24. b3 Rd8 25. Rfd1 Rb6 26. Rxc5 Rbxd6 27. Rxd6 Rxd6 28. Kf3 Rd2 29. Ra5 Rd7 30. Ra6 h5 31. h4 Kh7 32. Ke4 Kg6 33. b4 Kf6 34. a4 Rb7 35. b5 Rd7 36. f5 g6 37. fxe6 fxe6 38. Rc6 Rd1 39. Ra6 Re1+ 40.
Kf3 Rf1+ 41. Kg2 Rb1 42. Rxa7 Rb4 43. Ra6 Kf5 44. b6 Kg4 45. a5 Rb2+ 46. Kf1 Kxg3 47. Ra7 Kxh4 48. b7 Rb1+ 49. Ke2 g5 50. a6 g4 51. Ra8 Rb2+ 52. Ke3 Rb3+ 53. Kd4 g3 54.
b8=Q Rxb8 55. Rxb8 g2 56. Rg8 Kh3 57. a7 Kh2 58. a8=Q g1=Q+ 59. Rxg1 Kxg1 60. Qf3 h4 61. Qh3 e5+ 62. Kxe5 1-0

[Event "Early-Titled-Tuesday-Blitz-May-14-2024"]
[Site "Chess.com"]
[Date "2024.05.14"]
[Round "5"]
[White "mightysmasher"]
[Black "teresin05"]
[Result "1-0"]
[WhiteElo "2557"]
[BlackElo "2269"]
[TimeControl "180+1"]
[EndTime "8:57:44 PDT"]
[Termination "mightysmasher won by resignation"]

1. e4 c5 2. c3 Nf6 3. e5 Nd5 4. d4 cxd4 5. cxd4 d6 6. Nf3 e6 7. Bc4 Nb6 8. Bb3 Nc6 9. O-O Be7 10. Nc3 O-O 11. Be3 Na5 12. Bc2 Nac4 13. Qd3 g6 14. Rab1 Nxe3 15. Qxe3 Bd7 16. Qh6 Bc6 17. Be4 Nd5 18.
Bxd5 Bxd5 19. Nxd5 exd5 20. Rfe1 Rc8 21. Re2 dxe5 22.
Rxe5 Bf6 23. Re2 Bg7 24. Qf4 Qc7 25. Qd2 Rfe8 26. g3 Rxe2 27. Qxe2 Qc2 28. Re1 Qxe2 29. Rxe2 Rc4 30. Re8+ Bf8 31. Rd8 Rb4 32. b3 Rb5 33.
Ne5 Kg7 34. Rd7 Ra5 35. Rxf7+ Kg8 36. a4 Bg7 37. Rxb7 Ra6 38. Rb8+ Bf8 39. Nd7 Kf7 40.
Rxf8+ Ke7 41. Nc5 Rb6 42. Rf3 Kd6 43. Rf6+ Ke7 44. Rxb6 axb6 45. Nd3 1-0

[Event "Early-Titled-Tuesday-Blitz-May-14-2024"]
[Site "Chess.com"]
[Date "2024.05.14"]
[Round "5"]
[White "viktorskliarov"]
[Black "yobdc"]
[Result "1-0"]
[WhiteElo "2667"]
[BlackElo "2499"]
[TimeControl "180+1"]
[EndTime "8:57:45 PDT"]
[Termination "viktorskliarov won by checkmate"]

1. e4 c5 2. Nf3 Nf6 3. e5 Nd5 4. Nc3 Nxc3 5. dxc3 Nc6 6. Bf4 Qb6 7. b3 Qc7 8. Qd2 e6 9. h4 h6 10. O-O-O a6 11. Bd3 b5 12. Be4 Rb8 13. Bxc6 Qxc6 14. Rhe1 Be7 15. Re3 a5 16. h5 a4 17. g4 Ra8 18. g5 hxg5 19. Nxg5 Rxh5 20. Ne4 axb3 21. cxb3 c4 22. b4 Rh4 23. Nd6+ Bxd6 24. exd6 Bb7 25. Rg3 Kf8 26. Rdg1 Rh7 27. Be5 g6 28. Qg5 Qe4 29. Qe7+ Kg8 30. Qf6 Qf5 31. Rxg6+ fxg6 32. Rxg6+ Qxg6 33. Qxg6+ Kf8 34. Qxh7 Bd5 35. Qg7+ Ke8 36. Qg8# 1-0

[Event "Early-Titled-Tuesday-Blitz-May-14-2024"]
[Site "Chess.com"]
[Date "2024.05.14"]
[Round "5"]
[White "becemix"]
[Black "penguingm1"]
[Result "0-1"]
[WhiteElo "2600"]
[BlackElo "2812"]
[TimeControl "180+1"]
[EndTime "8:57:46 PDT"]
[Termination "penguingm1 won by checkmate"]

1. e4 e5 2. Nf3 Nc6 3. Bb5 g6 4.
O-O Bg7 5. d3 a6 6. Bxc6 dxc6 7.
Nbd2 Ne7 8. Nc4 f6 9. Bd2 Be6 10. Qc1 g5 11. Bb4 Ng6 12. Ne3 Qd7 13. Rd1 a5 14. Ba3 g4 15. Nd2 Nf4 16. Re1 h5 17.
Nf5 h4 18. d4 O-O-O 19. Nf1 Bxf5 20. exf5 Qxf5 21. dxe5 fxe5 22. Qe3 b6 23. b4 a4 24. b5 cxb5 25. Bb2 Rd5 26. Qe4 Qxe4 27. Rxe4 Rg8 28.
Ne3 Rd2 29. Nxg4 Rxc2 30. Bxe5 Bxe5 31. Nxe5 Rxg2+ 32. Kh1 Rcxf2 33. Rc1 Rxh2+ 34. Kg1 Nh3# 0-1

[Event "Early-Titled-Tuesday-Blitz-May-14-2024"]
[Site "Chess.com"]
[Date "2024.05.14"]
[Round "5"]
[White "motivated_bishop"]
[Black "ansko1999"]
[Result "0-1"]
[WhiteElo "2493"]
[BlackElo "2649"]
[TimeControl "180+1"]
[EndTime "8:57:46 PDT"]
[Termination "ansko1999 won by resignation"]

1. d4 d5 2. c4 c5 3. cxd5 Nf6 4. Nc3 Nxd5 5. e4 Nxc3 6. bxc3 cxd4 7. cxd4 g6 8. Nf3 Bg7 9. Bc4 O-O 10. O-O Bg4 11.
Be3 Nc6 12. d5 Ne5 13. Be2 Nxf3+ 14. gxf3 Bh3 15. Re1 f5 16. Rc1 f4 17. Bd4 e5 18.
Bf1 Bxf1 19. Kxf1 exd4 20. Qb3 Qb6 21. Qxb6 axb6 22. e5 Rf5 23. d6 Rxe5 24. d7 Rxe1+ 25. Kxe1 Rd8 26. Rc7 Kf7 27. Rxb7 Ke7 28. Rxb6 Rxd7 29.
a4 d3 30. Kd2 Bd4 31. Rb4 Bxf2 32. Re4+ Kd8 33. Rxf4 Bb6 34. Rf8+ Kc7 35. Ra8 Kb7 36.
Re8 Ba5+ 37. Kd1 d2 38. Re5 Ka6 39. Re6+ Bb6 40. Re2 Ka5 41. Rxd2 Rxd2+ 42. Kxd2 Kxa4 43. Kd3 Bc7 44. h3 Bf4 45. Ke4 g5 46. h4 h6 47. h5 Kb4 48. Kf5 Kc4 49. Kg6 Kd4 50.
Kxh6 g4+ 51. Kg6 g3 52. h6 Bxh6 0-1

[Event "Early-Titled-Tuesday-Blitz-May-14-2024"]
[Site "Chess.com"]
[Date "2024.05.14"]
[Round "5"]
[White "jankarsten"]
[Black "AttilaTurzo"]
[Result "1-0"]
[WhiteElo "2629"]
[BlackElo "2472"]
[TimeControl "180+1"]
[EndTime "8:57:46 PDT"]
[Termination "jankarsten won by resignation"]

1. Nf3 d5 2. g3 Nf6 3. Bg2 e6 4. O-O Be7 5. b3 O-O 6. Bb2 b6 7. d4 Bb7 8. c4 Nbd7 9. Nc3 c5 10. cxd5 Nxd5 11. dxc5 Nxc5 12. Qc2 Nxc3 13. Bxc3 Bf6 14.
Rfd1 Qe7 15. Rac1 Bxc3 16. Qxc3 Rac8 17. Qe3 Rfd8 18. h4 h6 19. h5 Rxd1+ 20. Rxd1 Rd8 21. Rc1 Qd6 22. b4 Nd7 23. a3 Nf6 24. Qe5 Kf8 25. Qxd6+ Rxd6 26. Ne5 Bxg2 27. Rc8+ Ne8 28.
Kxg2 a5 29. Nc4 Rd5 30. e4 Rxh5 31. Nd6 Ke7 32. Nxe8 axb4 33. axb4 Rb5 34. Nxg7 Rxb4 35. e5 Rb1 36. Nh5 Re1 37. f4 f5 38. exf6+ Kf7 39. Rc7+ Kg6 40. f7 Kxh5 41. f8=Q 1-0

[Event "Early-Titled-Tuesday-Blitz-May-14-2024"]
[Site "Chess.com"]
[Date "2024.05.14"]
[Round "5"]
[White "Kombinator01"]
[Black "LamaChampetre"]
[Result "1-0"]
[WhiteElo "2368"]
[BlackElo "2195"]
[TimeControl "180+1"]
[EndTime "8:57:46 PDT"]
[Termination "Kombinator01 won by resignation"]

1. Nf3 g6 2. e4 c5 3. d4 cxd4 4. Qxd4 Nf6 5. Nc3 Nc6 6. Qd3 Bg7 7. h3 d6 8. Be3 O-O 9. O-O-O Qa5 10. Nd4 Nb4 11. Qb5 Qxb5 12. Ndxb5 a6 13. Nd4 e5 14. Nb3 Be6 15. Rxd6 Rac8 16. Rxe6 fxe6 17. a3 Nc6 18. f3 Nd7 19. Be2 Nd4 20. Rd1 Nxb3+ 21. cxb3 Nc5 22. b4 Nb3+ 23. Kb1 Nd4 24. Bxd4 exd4 25. Na4 Rc6 26. Nc5 Rfc8 27. Nxb7 e5 28. Nc5 a5 29. Bc4+ Kh8 30.
Bd5 axb4 31. Bxc6 Rxc6 32. axb4 Rb6 33. Nd3 Bf8 34. Nxe5 Rxb4 35. Nc6 Rc4 36. Nxd4 Bg7 37. Nc6 Bf6 38. e5 Rxc6 39. exf6 Rxf6 40. b3 Re6 41. Rd2 Kg7 42. Kb2 Kf6 43. b4 Kf5 44. Kb3 Kf4 45. b5 Ke3 46. Ra2 h5 47. Kb4 g5 48. Ka5 Kd4 49.
b6 Kc5 50. Rc2+ Kd6 51. b7 1-0

[Event "Early-Titled-Tuesday-Blitz-May-14-2024"]
[Site "Chess.com"]
[Date "2024.05.14"]
[Round "5"]
[White "DumbKing75"]
[Black "kingofthenil"]
[Result "0-1"]
[WhiteElo "2657"]
[BlackElo "2844"]
[TimeControl "180+1"]
[EndTime "8:57:47 PDT"]
[Termination "kingofthenil won on time"]

1. e4 Nc6 2. Nc3 d5 3. exd5 Nb4 4. Bb5+ Bd7 5. Bc4 Bf5 6. d3 Nf6 7. Bb5+ Bd7 8. Bc4 Bg4 9. f3 Bc8 10. Bb5+ Bd7 11. Bc4 Bc8 12. Bb5+ Bd7 13. Bc4 c6 14. dxc6 Nxc6 15. Nge2 e5 16. Ne4 Nxe4 17. dxe4 Bc5 18.
Bxf7+ Kxf7 19. Qd5+ Be6 20. Qxc5 Rc8 21. Qf2 Nb4 22.
O-O Rxc2 23. Qe1 Nd3 24. Qd1 Qb6+ 25. Kh1 Nb4 26. f4 Rd8 27. fxe5+ Kg8 28. Qe1 Nd3 29.
Qh4 Rxe2 30. Bg5 Re8 31. h3 Nf2+ 32. Kh2 Qxb2 33. Rab1 Qc2 34. Rxb7 Ng4+ 35. Kh1 Rxg2 0-1

[Event "Early-Titled-Tuesday-Blitz-May-14-2024"]
[Site "Chess.com"]
[Date "2024.05.14"]
[Round "5"]
[White "Slovineanu"]
[Black "remyrushbrooke"]
[Result "1-0"]
[WhiteElo "2491"]
[BlackElo "2321"]
[TimeControl "180+1"]
[EndTime "8:57:47 PDT"]
[Termination "Slovineanu won on time"]

1. d4 g6 2. e4 Bg7 3. Nc3 d6 4. Be3 a6 5. Nf3 b5 6. h4 Bb7 7. h5 b4 8. Nd5 e6 9. Nxb4 Bxe4 10. Bd3 Bxd3 11. Nxd3 Ne7 12. Qd2 Nf5 13. h6 Bf6 14. Bg5 Bxg5 15. Nxg5 Nxd4 16. O-O-O c5 17. c3 Ndc6 18. Qf4 Qe7 19. Ne4 e5 20. Nxd6+ Qxd6 21. Nxe5 Qxe5 22. Rhe1 Nd7 23. Rxe5+ Ncxe5 24. Qe4 O-O 25. f4 Rfe8 26. fxe5 Nxe5 27. Qf4 f5 28. Kc2 c4 29. Rd5 Nd3 30. Qxc4 Ne1+ 31. Kd1 Kh8 32. Qd4+ 1-0

[Event "Early-Titled-Tuesday-Blitz-May-14-2024"]
[Site "Chess.com"]
[Date "2024.05.14"]
[Round "5"]
[White "chessburger_tv"]
[Black "Semetey"]
[Result "0-1"]
[WhiteElo "2390"]
[BlackElo "2587"]
[TimeControl "180+1"]
[EndTime "8:57:48 PDT"]
[Termination "Semetey won by resignation"]

1. d4 e6 2. e4 d5 3. Nc3 Bb4 4. e5 Ne7 5. a3 Bxc3+ 6. bxc3 O-O 7. Bd3 Nf5 8. Ne2 c5 9. Ng3 Nc6 10. O-O cxd4 11. Bxf5 exf5 12. cxd4 Be6 13. a4 Qb6 14. Ba3 Rfc8 15. Bc5 Qd8 16. Ne2 b6 17. Bd6 Qh4 18. Qd2 h6 19. Ra3 Na5 20. Rh3 Qe4 21. Rg3 Kh7 22.
Nc3 Qh4 23. Rh3 Qd8 24. Ne2 Nc4 25. Qc1 Nxd6 26. exd6 Qxd6 27. Nf4 Rc4 28. c3 Rac8 29. Qd2 Rxa4 30. Nh5 f4 31. Rh4 Bf5 32. Nxf4 Rac4 33. Nh5 Rxc3 34. h3 Bg6 35. Nf4 Rc2 36. Qe3 R8c3 37. Qe8 Rc1 38. Ne2 Rxf1+ 39. Kxf1 Bd3 40. Kg1 Bxe2 41. Qe3 Rxe3 0-1

[Event "Early-Titled-Tuesday-Blitz-May-14-2024"]
[Site "Chess.com"]
[Date "2024.05.14"]
[Round "5"]
[White "Fradi82"]
[Black "Matols"]
[Result "1-0"]
[WhiteElo "2203"]
[BlackElo "2345"]
[TimeControl "180+1"]
[EndTime "8:57:48 PDT"]
[Termination "Fradi82 won by resignation"]

1. e4 c6 2. d4 d5 3. e5 c5 4. c4 cxd4 5. Nf3 Nc6 6. Nxd4 Nxd4 7. Qxd4 e6 8. cxd5 Qxd5 9. Qxd5 exd5 10. Nc3 Be6 11.
Bb5+ Kd8 12. Bg5+ Be7 13. Bxe7+ Nxe7 14. O-O-O a6 15. Bc4 Rc8 16. Bb3 Rc5 17. Kb1 Kc8 18. Na4 Rc6 19. Rc1 Rd8 20. Rxc6+ bxc6 21. Nc5 Ng6 22.
Re1 Kc7 23. Nxa6+ Kb6 24. Nb4 c5 25. Nc2 c4 26. Ba4 d4 27. Na3 Nf4 28. g3 Nd3 29. Re2 Kc5 30. Bc2 Nb4 31. Be4 d3 32. Rd2 Kd4 33. f3 Ke3 34. Rd1 d2 35. Nc2+ Ke2 36. Rxd2+ Rxd2 37. Nxb4 Rd1+ 38. Kc2 Rh1 39. a4 Rxh2 40. a5 Ke3+ 41. Kc3 Rh1 42. a6 Ra1 43. Nc2+ Kf2 44. Nxa1 Kxg3 45. a7 h5 46. a8=Q h4 47. Qg8 h3 48. Qxg7+ Kf2 49. Qh6 Kg1 50. f4 h2 51.
Qg5+ Kf1 52. Qg2+ 1-0

[Event "Early-Titled-Tuesday-Blitz-May-14-2024"]
[Site "Chess.com"]
[Date "2024.05.14"]
[Round "5"]
[White "luggevoila"]
[Black "kanzaww"]
[Result "0-1"]
[WhiteElo "2326"]
[BlackElo "2493"]
[TimeControl "180+1"]
[EndTime "8:57:50 PDT"]
[Termination "kanzaww won by resignation"]

1. e4 e5 2. Nf3 Nc6 3. d4 exd4 4. Nxd4 Bc5 5. Nb3 Bb6 6. Nc3 Nf6 7. Bg5 h6 8. Bh4 d6 9. Qe2 Be6 10. O-O-O Qe7 11.
f3 O-O-O 12. Kb1 g5 13. Bf2 Nh5 14. Bxb6 axb6 15. Qd2 Rhe8 16. Bb5 Bd7 17. a4 Qe5 18. Nd5 Nf6 19. Nxf6 Qxf6 20. a5 Nxa5 21. Bxd7+ Rxd7 22. Nxa5 bxa5 23. Qxa5 Kb8 24. Rd3 Re5 25. Qa4 Rd8 26. Rb3 b6 27. Rd1 Kb7 28. Rc3 Rc5 29. Rxc5 dxc5 30.
Rxd8 Qxd8 31. Qc4 Qd1+ 32. Ka2 f6 33. Kb3 Qd2 34. Ka2 Qxg2 35. Qd5+ Ka7 36. Qf7 Qxh2 37. Qxf6 Qxc2 38. Qxh6 Qa4+ 39. Kb1 Qd1+ 40. Ka2 Qxf3 41. Qxg5 Qxe4 42. Qg3 Qc4+ 43. Ka1 Qa4+ 44. Kb1 Qd1+ 45.
Ka2 Qd6 46. Kb1 Qxg3 0-1

[Event "Early-Titled-Tuesday-Blitz-May-14-2024"]
[Site "Chess.com"]
[Date "2024.05.14"]
[Round "5"]
[White "HanSchut"]
[Black "Sofia_Blokhin"]
[Result "1/2-1/2"]
[WhiteElo "2389"]
[BlackElo "2266"]
[TimeControl "180+1"]
[EndTime "8:57:50 PDT"]
[Termination "Game drawn by repetition"]

1. e4 c5 2. Nf3 e6 3. c4 Nc6 4. Nc3 e5 5. Nd5 d6 6. d3 Nf6 7. Be2 Be7 8. O-O Be6 9. Rb1 a5 10.
b3 O-O 11. a3 Nd4 12. b4 Bxd5 13. cxd5 axb4 14. axb4 b6 15. bxc5 bxc5 16. Nxd4 cxd4 17. f4 Rb8 18. Rxb8 Qxb8 19. fxe5 dxe5 20. Bd2 Qd6 21.
Qa4 Rc8 22. Rb1 h6 23. h3 Nd7 24. Bb4 Nc5 25. Qa3 Qb6 26. Rb2 Bf8 27. Bg4 Rb8 28.
Bc3 Qc7 29. Rxb8 Qxb8 30. Bb4 Nxd3 31. Bxf8 Qb1+ 32. Kh2 Nf2 33. Bf3 Qh1+ 34. Kg3 Qe1 35. Kh2 Qh1+ 36. Kg3 Qe1 37. Bb4 Nxe4+ 38. Kh2 Qg3+ 39.
Kh1 Nf2+ 40. Kg1 Nxh3+ 41. Kh1 Nf2+ 42. Kg1 Nh3+ 43. Kh1 Nf2+ 44. Kg1 Nh3+ 1/2-1/2

[Event "Early-Titled-Tuesday-Blitz-May-14-2024"]
[Site "Chess.com"]
[Date "2024.05.14"]
[Round "5"]
[White "AniJak"]
[Black "NowInChess"]
[Result "1-0"]
[WhiteElo "2393"]
[BlackElo "2250"]
[TimeControl "180+1"]
[EndTime "8:57:50 PDT"]
[Termination "AniJak won by checkmate"]

1. e4 e6 2. d4 d5 3. Nc3 Nc6 4. Nf3 Nf6 5. e5 Ne4 6. Bd3 Bb4 7. Bd2 Nxd2 8. Qxd2 f6 9. a3 Bxc3 10. Qxc3 fxe5 11. dxe5 O-O 12. Bb5 Bd7 13. Bxc6 Bxc6 14. Nd4 Bd7 15. O-O Rc8 16. b4 Qg5 17. Rae1 Rf4 18. g3 Qg6 19. Rd1 b6 20. b5 h5 21.
Kh1 Rf5 22. Nxf5 Qxf5 23. a4 c5 24. f4 d4 25. Qd3 Qg4 26. Qf3 Qf5 27. Kg1 a6 28. bxa6 Bc6 29. Qe2 Qh3 30. Rb1 h4 31. Qf2 Qf5 32. Rxb6 Qe4 33. Rxc6 Qxc6 34. gxh4 Qxa6 35.
f5 Rf8 36. f6 Qb7 37. Qg3 Qf7 38. h5 Qxh5 39. Qxg7# 1-0

[Event "Early-Titled-Tuesday-Blitz-May-14-2024"]
[Site "Chess.com"]
[Date "2024.05.14"]
[Round "5"]
[White "KnightDuta"]
[Black "gmcorrales"]
[Result "1-0"]
[WhiteElo "2738"]
[BlackElo "2931"]
[TimeControl "180+1"]
[EndTime "8:57:51 PDT"]
[Termination "KnightDuta won by checkmate"]

1. d4 Nf6 2. Bf4 g6 3. Nc3 d5 4. e3 Bg7 5. h4 c6 6. h5 Nxh5 7. Rxh5 gxh5 8. Qxh5 Nd7 9. Nf3 Nf6 10. Qh2 Bf5 11.
O-O-O Ne4 12. Nxe4 Bxe4 13. Ne5 Bxe5 14. Bxe5 f6 15.
Bf4 Kf7 16. Be2 Bg6 17. g4 Qa5 18. Kb1 c5 19. Bc7 b6 20. f4 Be4 21. Qh5+ Ke6 22.
Bd3 Bxd3 23. cxd3 cxd4 24. Qf5+ Kf7 25. Qh5+ Kf8 26. Qh6+ Ke8 27. exd4 Kd7 28. Qg7 Rhg8 29. Qxh7 Rae8 30. Rc1 Rh8 31. Qf5+ e6 32. Qxf6 Qb5 33. Qg7+ Re7 34. Qxh8 Qxd3+ 35. Ka1 Re8 36. Qg7+ Re7 37. Qf8 Re8 38. Qd6+ Kc8 39. Bxb6+ Kb7 40. Qc7+ Ka6 41. Qxa7+ Kb5 42. Qa5# 1-0

[Event "Early-Titled-Tuesday-Blitz-May-14-2024"]
[Site "Chess.com"]
[Date "2024.05.14"]
[Round "5"]
[White "ivana_999"]
[Black "ilimchess2"]
[Result "1/2-1/2"]
[WhiteElo "1855"]
[BlackElo "2294"]
[TimeControl "180+1"]
[EndTime "8:57:51 PDT"]
[Termination "Game drawn by repetition"]

1. d4 c6 2. c4 d5 3. cxd5 cxd5 4. Nc3 Nc6 5. Bf4 a6 6. e3 Nf6 7. Bd3 Bg4 8. f3 Bh5 9. Nge2 Bg6 10. O-O e6 11. Rc1 Rc8 12. Qd2 Bxd3 13. Qxd3 Bd6 14.
Bxd6 Qxd6 15. a3 O-O 16. Na4 Nd7 17. b4 Rc7 18. Rc3 Rfc8 19. Rfc1 Na7 20. Nc5 Nxc5 21. bxc5 Qd7 22. Rb3 Nc6 23. Rcb1 Nd8 24. Nc3 g6 25. Kf2 f5 26. h4 Qe7 27. g3 Nc6 28. Na4 Na5 29. Rb4 Nc4 30. Nb6 Nxb6 31. Rxb6 Rd8 32. R1b4 Rdd7 33. Qb3 h5 34. f4 Kg7 35. Qa4 Kh6 36.
c6 Rxc6 37. Rxc6 bxc6 38. Qxc6 Rc7 39. Qxa6 Rc2+ 40. Kf3 Qc7 41. Qb7 Rf2+ 42. Kxf2 Qc2+ 43. Kf3 Qd1+ 44. Kf2 Qd2+ 45. Kf3 Qd1+ 46. Kf2 Qd2+ 47. Kf3 Qd1+ 1/2-1/2

[Event "Early-Titled-Tuesday-Blitz-May-14-2024"]
[Site "Chess.com"]
[Date "2024.05.14"]
[Round "5"]
[White "AccioChess"]
[Black "Stanbad1"]
[Result "0-1"]
[WhiteElo "2432"]
[BlackElo "2599"]
[TimeControl "180+1"]
[EndTime "8:57:53 PDT"]
[Termination "Stanbad1 won on time"]

1. c4 Nf6 2. Nf3 g6 3. g3 Bg7 4. Bg2 d6 5. O-O O-O 6. Nc3 c5 7. d3 Nc6 8. Rb1 Rb8 9. a3 Ne8 10. Bd2 Nc7 11. b4 b6 12. b5 Nd4 13. Ne1 Bb7 14.
e3 Bxg2 15. Nxg2 Nde6 16. f4 d5 17. Ne2 dxc4 18. dxc4 Qd3 19. Bc3 Qxc4 20. Bxg7 Kxg7 21. f5 Rfd8 22. Qe1 Ng5 23. h4 Ne4 24. Rf4 Qd5 25.
Nc3 Nxc3 26. Qxc3+ Kg8 27. Rbf1 f6 28. fxg6 hxg6 29.
a4 Qe6 30. e4 Rd4 31. Qf3 Rxa4 32. Rg4 Kh7 33. Nf4 Qxe4 34. Qb3 Qc4 35. Qb1 Qd4+ 36. Kh2 Qe4 37. Qb3 Rc4 38. Rf2 Rd8 39. Rxg6 Nd5 40.
Rg4 Ne3 41. Rg6 Rd1 0-1

[Event "Early-Titled-Tuesday-Blitz-May-14-2024"]
[Site "Chess.com"]
[Date "2024.05.14"]
[Round "5"]
[White "Chessdude1987"]
[Black "Iskusnyh"]
[Result "0-1"]
[WhiteElo "2387"]
[BlackElo "2586"]
[TimeControl "180+1"]
[EndTime "8:57:53 PDT"]
[Termination "Iskusnyh won on time"]

1. e4 e6 2. d4 d5 3. Nc3 Nf6 4. e5 Nfd7 5. f4 c5 6. Nf3 Nc6 7. Be3 a6 8. Be2 b5 9. a3 cxd4 10. Nxd4 Nxd4 11. Bxd4 Bc5 12. Bf3 Qb6 13. Ne2 a5 14. c3 O-O 15. b4 Bxd4 16. Nxd4 Ba6 17. O-O Rfc8 18. Qd2 Rc7 19. Kh1 Rac8 20. Rac1 Qa7 21.
Rfe1 g6 22. g4 Rf8 23. f5 exf5 24. gxf5 Nb6 25. f6 Kh8 26. Qh6 Rg8 27. e6 fxe6 28. Nxe6 Rf7 29. Qh4 Nc4 30. Rf1 d4 31. cxd4 Nd2 32. d5 Nxf3 33. Rxf3 Qd7 34. Rd1 Bb7 35. Rfd3 Qxe6 0-1

[Event "Early-Titled-Tuesday-Blitz-May-14-2024"]
[Site "Chess.com"]
[Date "2024.05.14"]
[Round "5"]
[White "Pedrada88"]
[Black "NinoMaisuradze"]
[Result "0-1"]
[WhiteElo "2556"]
[BlackElo "2370"]
[TimeControl "180+1"]
[EndTime "8:57:53 PDT"]
[Termination "NinoMaisuradze won by resignation"]

1. e4 c5 2. Nf3 Nc6 3. Bb5 g6 4. Bxc6 bxc6 5. O-O Bg7 6. Re1 Nh6 7. c3 O-O 8. d4 cxd4 9. cxd4 f5 10. e5 Nf7 11.
Nc3 e6 12. h4 h6 13. Na4 g5 14. hxg5 hxg5 15. Nc5 g4 16. Nd2 Qh4 17. Nf1 Ng5 18.
Bf4 Bh6 19. Bg3 Qh5 20. Nd3 Ne4 21. Nf4 Bxf4 22. Bxf4 Rf7 23. Rxe4 fxe4 24. Bg3 Ba6 25. Nh2 Rg7 26. Qd2 Bd3 27. Rc1 Rb8 28. Rc3 a6 29. a3 Qg5 30. Bf4 Qh5 31. Bg3 Rb5 32. b4 Rd5 33.
Qe3 Qg5 34. Bf4 Qd8 35. Bg3 a5 36. bxa5 Qxa5 37. Rb3 Rb5 38. Rxb5 Qxb5 39. Qc1 Qb1 40. Qxb1 Bxb1 41. Nf1 Bd3 42. Ne3 Be2 43. Bh4 Kf7 44. Kh2 Rg8 45. Nc2 Ra8 46. Kg3 Bd3 47. Ne3 Rxa3 48. Kf4 Ra4 49. Nxg4 Rxd4 50. Ke3 Ra4 51. Bf6 c5 52. Nh6+ Kg6 53. Ng8 c4 54. Ne7+ Kf7 55.
Kd4 Ra8 56. g4 Re8 57. g5 Rxe7 58. g6+ Ke8 59. Bxe7 Kxe7 60. Ke3 Kf8 61. Kd4 Kg7 62. Ke3 c3 63. Kd4 c2 64. Kc5 c1=Q+ 65. Kd6 Kxg6 0-1

[Event "Early-Titled-Tuesday-Blitz-May-14-2024"]
[Site "Chess.com"]
[Date "2024.05.14"]
[Round "5"]
[White "JaloliddinIlkhomi"]
[Black "jefferyx"]
[Result "0-1"]
[WhiteElo "2747"]
[BlackElo "3083"]
[TimeControl "180+1"]
[EndTime "8:57:54 PDT"]
[Termination "jefferyx won by checkmate"]

1. Nf3 c5 2. c3 d5 3. d4 e6 4. Bf4 Nf6 5. e3 Qb6 6. Qb3 Bd7 7. Nbd2 Bc6 8. Ne5 Nbd7 9. Be2 Be7 10. O-O O-O 11.
Rab1 Rfc8 12. Qd1 Qd8 13. Bd3 Nxe5 14. Bxe5 Nd7 15. Bg3 b5 16. f4 f5 17. Nf3 c4 18.
Bc2 a5 19. Ne5 Nxe5 20. fxe5 b4 21. Be1 Bb5 22. g4 b3 23. axb3 cxb3 24. Bd3 Bxd3 25.
Qxd3 fxg4 26. e4 a4 27. Bd2 Rab8 28. Rf4 a3 29. bxa3 Bxa3 30. Rxg4 b2 31. Qa6 Qe7 32. Bg5 Qf8 33. Qxe6+ Kh8 34. exd5 Rxc3 35. d6 Rc1+ 36. Bxc1 bxc1=Q+ 37.
Rxc1 Bxc1 38. Qe7 Be3+ 39. Kg2 Rb2+ 40. Kh3 Qf1+ 41. Kg3 Qf2+ 42. Kh3 Qxh2# 0-1

[Event "Early-Titled-Tuesday-Blitz-May-14-2024"]
[Site "Chess.com"]
[Date "2024.05.14"]
[Round "5"]
[White "TomLiu777"]
[Black "JERO-8914"]
[Result "1/2-1/2"]
[WhiteElo "2270"]
[BlackElo "2396"]
[TimeControl "180+1"]
[EndTime "8:57:54 PDT"]
[Termination "Game drawn by repetition"]

1. Nf3 Nf6 2. e3 d5 3. d4 c5 4. b3 Nc6 5. Bb2 cxd4 6. Nxd4 e6 7. Be2 Bb4+ 8. c3 Bd6 9. O-O O-O 10. Nd2 e5 11. Nxc6 bxc6 12. c4 a5 13. Nf3 Qe7 14.
Rc1 a4 15. c5 Bc7 16. b4 a3 17.
Ba1 Bd7 18. Qb3 Rfb8 19. Rfd1 Ne4 20. Nd2 f5 21. Nxe4 fxe4 22. b5 Kh8 23. b6 Bd8 24.
Qc3 Qf7 25. Qxe5 Bf6 26. Qf4 Kg8 27. Bxf6 gxf6 28. Rb1 Rb7 29. Rd4 Qe7 30. Qg3+ Kh8 31. Qd6 Qxd6 32. cxd6 Rab8 33. Rdb4 c5 34. R4b3 c4 35.
Rxa3 Rxb6 36. Rxb6 Rxb6 37. Ra8+ Kg7 38. Ra7 Kf7 39.
Rxd7+ Ke6 40. Rxh7 Rb1+ 41. Bf1 Kxd6 42. Rh8 Kd7 43.
Rh7+ Kd6 44. Rh8 Kd7 45. Ra8 c3 46. Ra7+ Kd6 47. Ra6+ Kd7 48. Ra7+ Kd6 49. Ra6+ Kd7 50. Ra7+ 1/2-1/2